 Dungeon Crawl Stone Soup version 0.30-a0-462-gd5975efbca (webtiles) character file.

Game seed: 11960502569762779219

3363 tilp the Nimble (level 10, -4/84 HPs)
             Began as a Meteoran Fighter on Dec 16, 2022.
             Was a Follower of Makhleb.
             Hit by a javelin thrown by a centaur (11 damage)
             ... in a bailey.
             The game lasted 00:15:56 (2727 turns).

tilp the Nimble (Meteoran Fighter)                  Turns: 2727, Time: 00:15:57

Health: -4/84      AC: 10    Str: 17    XL:     10   Next: 46%
Magic:  21/21      EV: 10    Int: 11    God:    Makhleb [*.....]
Gold:   183        SH:  6    Dex: 18    Spells: 9/9 levels left

rFire   . . .      SeeInvis .    b - +5 long sword (freeze)
rCold   . . .      Faith    .    c - +0 buckler
rNeg    . . .      Spirit   .    i - +0 chain mail
rPois   .          Reflect  .    (no helmet)
rElec   .          Harm     .    (no cloak)
rCorr   .          Rampage  .    (no gloves)
Will    +....                    q - +0 pair of boots
Stlth   ..........               f - amulet of regeneration
HPRegen 1.14/turn                w - ring of magical power
MPRegen 0.17/turn                (no ring)

@: glowing
A: sense surroundings 2, otherworldly, glowing, explore regen
a: Renounce Religion


You were in a bailey.
You worshipped Makhleb.
Makhleb was aware of your devotion.
You visited 2 branches of the dungeon, and saw 11 of its levels.
You also visited: Sewer and Bailey.

You collected 183 gold pieces.

Inventory:

Hand Weapons
 a - the +6 long sword of Waenopp {holy, +Blink rPois Will-}
   (You found it on level 5 of the Dungeon)

   It has been blessed by the Shining One to cause great damage to the undead
   and demons.
   rPois:     It protects you from poison.
   +Blink:    It lets you blink.
   Will:      It decreases your willpower.
 b - a +5 long sword of freezing (weapon)
Missiles
 j - 4 atropa-tipped darts
 l - 15 poisoned darts (quivered)
Armour
 c - a +0 buckler (worn)
 d - a +0 troll leather armour
 i - a +0 chain mail (worn)
 q - a +0 pair of boots (worn)
 y - a +0 plate armour
Jewellery
 f - an amulet of regeneration (around neck)
 r - an amulet of guardian spirit
 w - a ring of magical power (left hand)
Wands
 p - a wand of digging (2)
 t - a wand of paralysis (8)
 v - a wand of roots (1)
 x - a wand of mindburst (17)
Potions
 e - 3 potions of ambrosia
 g - 3 potions of brilliance
 h - 3 potions of haste
 k - a potion of magic {unknown}
 m - 2 potions of heal wounds
 o - a potion of cancellation {unknown}
 s - a potion of attraction {unknown}
 u - 5 potions of curing {unknown}


   Skills:
 + Level 6.4 Fighting
 * Level 8.8 Long Blades
 + Level 3.1 Throwing
 + Level 4.7 Armour
 * Level 8.8 Dodging
 - Level 4.0 Stealth
 + Level 4.7 Shields
 + Level 2.4 Invocations
 * Level 3.3 Evocations


You had 9 spell levels left.
You didn't know any spells.
Your spell library contained the following spells:

 Spells                   Type           Power      Damage    Failure   Level
 Freeze                   Ice            0%         1d3       99%         1
 Cigotuvi's Dreadful Rot  Necr/Pois/Air  0%         N/A       100%        2
 Frozen Ramparts          Ice            0%         1d1       100%        3
 Hailstorm                Conj/Ice       0%         3d3       100%        3
 Dispel Undead            Necr           0%         3d6       100%        4
 Alistair's Intoxication  Tmut/Pois      0%         N/A       100%        5
 Borgnjor's Vile Clutch   Necr/Erth      0%         N/A       100%        5
 Death Channel            Necr           0%         N/A       100%        6
 Eringya's Noxious Bog    Tmut/Pois      0%         N/A       100%        6


Dungeon Overview and Level Annotations

Branches:
Dungeon (10/15) Zot: 3682  Temple (1/1) D:5 Zot: 505   Sewer (visited)
 Bailey (1/1) Zot: 559
   Lair: D:8-11         Orc: D:9-12

Altars:
Ashenzari
Cheibriados
Dithmenos
Fedhas
Gozag
Hepliaklqana
Makhleb
Okawaru
Ru
Sif Muna
Trog
Uskayaw
Wu Jian
Zin


Innate Abilities, Weirdness & Mutations

You passively map the area around you.
You are easily found by Zot.
You glow in the dark.
You regain HP and MP as you explore.


Message History

The centaur hits you with a +0 spear. You block the centaur's attack.
You aren't carrying any scrolls.
You hit the centaur but do no damage.
The centaur is severely wounded.
The orc barely misses you. The orc closely misses you.
The centaur throws a javelin.
The javelin pierces through you!
* * * LOW HITPOINT WARNING * * *
The centaur barely misses you.
The centaur kicks you but does no damage.
You hit the centaur. You freeze the centaur.
The centaur is almost dead.
The centaur throws a javelin.
The javelin pierces through you.
* * * LOW HITPOINT WARNING * * *
The centaur hits you with a +0 spear.
* * * LOW HITPOINT WARNING * * *
The centaur kicks you but does no damage.
The orc hits you from afar with a +0 trident.
* * * LOW HITPOINT WARNING * * *
The orc closely misses you.
The centaur throws a javelin.
The javelin pierces through you.
* * * LOW HITPOINT WARNING * * *
The centaur hits you with a +0 spear.
* * * LOW HITPOINT WARNING * * *
The centaur kicks you but does no damage.
You slash the centaur! You freeze the centaur.
You kill the centaur!
Makhleb accepts your kill.
You feel better.
The orc hits you from afar with a +0 trident.
* * * LOW HITPOINT WARNING * * *
You block the orc's attack. The orc hits you but does no damage.
You block the orc's attack.
The centaur throws a javelin.
The javelin closely misses you.
Items here: ( ))) [[[ †††.
The centaur throws a javelin.
The javelin pierces through you.
* * * LOW HITPOINT WARNING * * *
The centaur throws a javelin.
The javelin pierces through you but does no damage.
The centaur throws a javelin.
The javelin pierces through you!
You die...

* #####....)##### ,
##...o≈≈≈≈≈....# ,,
#.⌠c≈≈≈...≈≈≈.⌠.* , ~
#..≈≈))≈.≈..≈≈..* ~ ,
#o≈≈.≈≈≈)≈≈≈.≈≈.
##o≈.≈≈.....≈≈.≈.
#o≈≈.≈.≈≈≈≈≈.≈.≈≈ ~
#.≈.≈≈.≈...≈.≈≈.≈ *
#.≈@≈.≈≈...≈≈.≈.≈ *
#.≈.≈.≈.⌠∩⌠.≈.≈.≈,*,
~ #.≈.≈.≈..∩..≈.≈.≈,
~ #.≈.≈.≈.⌠∩⌠.≈.≈.≈,
*~,
#.≈.≈.≈≈...≈≈.≈.≈,
#.≈.≈≈)≈...≈.≈≈.≈ *
~,,#.≈≈.≈.≈≈.≈≈.≈.≈≈,
, *~
+..≈.≈≈.≈.≈.≈≈.≈. , ~
#.....≈≈...≈≈....,


You could see a centaur and 4 orcs.

Vanquished Creatures
  A two-headed ogre (D:9)
  Pikel (D:4)
  A troll (D:9)
  A water moccasin (D:7)
  A black bear (D:5)
  An orc warrior (D:7)
  2 ogres
  3 centaurs
  A phantom (D:4)
  A kobold brigand (Sewer)
  3 scorpions
  7 wights (D:9)
  5 killer bees (D:8)
  3 hounds
  2 orc priests (D:6)
  2 jellies (D:6)
  3 orc wizards
  12 adders
  2 river rats (Sewer)
  2 white imps
  An ufetubus (D:5)
  A worm (D:3)
  2 dart slugs
  12 orcs
  7 ball pythons
  An endoplasm (D:3)
  5 giant cockroaches
  6 goblins
  A hobgoblin (D:4)
  4 jackals (D:4)
  16 kobolds
  8 quokkas
  3 bats (D:3)
  15 rats (Sewer)
136 creatures vanquished.

Vanquished Creatures (others)
  4 orcs (Bailey)
4 creatures vanquished.

Grand Total: 140 creatures vanquished

Notes
Turn   | Place    | Note
-------+----------+-------------------------------------------
     0 | D:1      | tilp the Meteoran Fighter began the quest for the Orb.
     0 | D:1      | Reached XP level 1. HP: 19/19 MP: 2/2
    56 | D:1      | Found a faded altar of an unknown god.
   100 | D:2      | Reached skill level 1 in Dodging
   100 | D:2      | Reached XP level 2. HP: 26/26 MP: 3/3
   157 | D:3      | Reached XP level 3. HP: 31/31 MP: 4/4
   184 | D:3      | Found a hide-covered altar of Uskayaw.
   186 | D:4      | Noticed a scorpion
   191 | D:3      | Reached XP level 4. HP: 38/38 MP: 5/5
   373 | D:3      | Found a glowing drain.
   386 | D:3      | Reached skill level 1 in Stealth
   398 | Sewer    | Entered a sewer
   411 | Sewer    | Reached XP level 5. HP: 40/46 MP: 6/6
   676 | Sewer    | Noticed a kobold brigand
   692 | Sewer    | Killed a kobold brigand
   693 | Sewer    | Reached XP level 6. HP: 42/52 MP: 7/7
   883 | D:4      | Found a shadowy altar of Dithmenos.
   918 | D:5      | Entered Level 5 of the Dungeon
   933 | D:6      | Noticed an ogre
   933 | D:6      | Noticed an ogre
   936 | D:5      | Noticed Pikel
  1115 | D:4      | Reached XP level 7. HP: 59/59 MP: 8/8
  1133 | D:4      | Reached skill level 1 in Throwing
  1331 | D:5      | HP: 1/60 [black bear (6)]
  1642 | D:4      | Killed Pikel
  1643 | D:4      | Reached skill level 5 in Fighting
  1643 | D:4      | Reached skill level 5 in Long Blades
  1643 | D:4      | Reached skill level 5 in Dodging
  1643 | D:4      | Reached XP level 8. HP: 15/68 MP: 9/9
  1745 | D:5      | Identified the +6 long sword of Waenopp {holy, +Blink rPois
                  | Will-}
  1814 | D:5      | Found a staircase to the Ecumenical Temple.
  1825 | Temple   | Entered the Ecumenical Temple
  1902 | Temple   | Became a worshipper of Makhleb the Destroyer
  1969 | D:5      | Gained mutation: You passively map the area around you.
                  | [Meteoran growth]
  1969 | D:5      | Reached XP level 9. HP: 7/75 MP: 10/10
  2039 | D:6      | HP: 2/75 [acid (4)]
  2435 | D:9      | Found an iron altar of Okawaru.
  2577 | D:9      | Reached skill level 1 in Evocations
  2587 | D:10     | Entered Level 10 of the Dungeon
  2587 | D:10     | Found an ornate altar of the Wu Jian Council.
  2591 | D:9      | Noticed a troll
  2596 | D:9      | Killed a troll
  2597 | D:9      | Reached skill level 1 in Invocations
  2597 | D:9      | Reached XP level 10. HP: 83/83 MP: 11/11
  2627 | D:9      | Noticed a two-headed ogre
  2645 | D:9      | Killed a two-headed ogre
  2645 | D:9      | Reached * piety under Makhleb
  2680 | D:9      | Found a flagged portal.
  2687 | Bailey   | Entered a bailey
  2723 | Bailey   | HP: 3/84 [centaur/javelin (6)]
  2727 | Bailey   | Hit by a javelin thrown by a centaur

Illustrated notes

Levels and vault maps discovered:
D:1:      evilmike_arrival_hilbert_curve, layout_basic,
          hellmonk_ecumenical_altar_heavens_door
D:2:      layout_basic
D:3:      layout_loops_ring, old_standard_altar, portal_sewer_entry_f,
          minmay_crystal_room, minmay_quantized
D:4:      layout_gridville, nicolae_dithmenos_through_a_glass_darkly,
          minmay_misc_feat_columns
D:5:      layout_basic, temple_hall, uniq_pikel
D:6:      layout_rooms
D:7:      layout_rooms
D:8:      layout_loops_ring, grunt_lair_entry_orc_guard_hut, uniq_maggie
D:9:      layout_basic, mainiacjoe_overflow_24_doors, zombieorc2_lemuel,
          enter_bailey_3, uniq_grum
D:10:     layout_loops_ring, xom_redecorated, kennysheep_mini_moat, minitemple
Temple:   zaba_magenta_temple
Bailey:   bailey_polearm_flooded_kennysheep, bailey

Skill      XL: |  1  2  3  4  5  6  7  8  9 10 |
---------------+-------------------------------+-----
Dodging        | 1 2 4 5 6 8 |  8.8
Armour         | 4 |  4.7
Shields        | 4 |  4.7
Long Blades    | 3 4 5 6 8 |  8.8
Stealth        | 1 2 3 4 |  4.0
Fighting       | 4 5 6 |  6.4
Throwing       | 2 3 |  3.1
Evocations     | 1 3 |  3.3
Invocations    | 1 2 |  2.4

Action                   |  1- 3 |  4- 6 |  7- 9 | 10-12 || total
-------------------------+-------+-------+-------+-------++-------
Melee: Long sword        |    33 |   222 |   186 |    31 ||   472
Throw: Dart              |       |       |     4 |       ||     4
Evoke: Wand              |       |       |       |     4 ||     4
  Use: Scroll            |     1 |     3 |     9 |       ||    13
       Potion            |       |       |     3 |       ||     3
 Stab: Paralysed         |       |       |       |     2 ||     2
Armor: Scale mail        |    15 |    87 |       |       ||   102
       Chain mail        |       |    49 |   122 |    32 ||   203
Dodge: Dodged            |    12 |   110 |    96 |    31 ||   249
Block: Buckler           |    10 |    80 |    52 |    22 ||   164

Table legend: (Time is in decaauts)
 A = Elapsed time spent in this place.
 B = Non-inter-level travel time spent in this place.
 C = Inter-level travel time spent in this place.
 D = Time resting spent in this place.
 E = Time spent auto-exploring this place.
 F = Levels seen in this place.
 G = Mean time per level.
                   A        B        C        D        E       F      G
               +--------+--------+--------+--------+--------+-----+--------+
         Total |   2835 |   2644 |    191 |     29 |      0 |  13 |  218.1 |
       Dungeon |   2317 |   2172 |    145 |     29 |      0 |  10 |  231.7 |
        Temple |     94 |     48 |     46 |      0 |      0 |   1 |   94.0 |
         Sewer |    383 |    383 |      0 |      0 |      0 |   1 |  383.0 |
        Bailey |     39 |     39 |      0 |      0 |      0 |   1 |   39.0 |
               +--------+--------+--------+--------+--------+-----+--------+

Top non-repeatable levels by time:
     D:4: 660 daAuts
     D:5: 449 daAuts
   Sewer: 383 daAuts
     D:3: 375 daAuts
     D:9: 289 daAuts
     D:6: 190 daAuts
     D:7: 153 daAuts
  Temple: 94 daAuts
     D:2: 74 daAuts
     D:1: 69 daAuts
     D:8: 52 daAuts
  Bailey: 39 daAuts
    D:10: 1 daAuts
